Map: Moondance

Players

Nina

  • Race: Protoss Protoss
  • League: Master
  • Spawn Location: 12:00

Kelazhur - Winner!

  • Race: Terran Terran
  • League: Master
  • Spawn Location: 6:00

Event: HomeStory Cup XXII

VOD

Have the link to the VOD?

Description

Time

  • Played on: Dec. 16, 2022, 11:07 a.m.
  • Length: 11:51

All games in this series

Show
View Real Time Build Order
Export as new Build Order

Nina Protoss 

Build Orders: 1 Gate Expand, Blink Stalkers 

Get SALT Encoding   

  12  0:00  Probe  
  13  0:12  Probe  
  14  0:18  Pylon  
  14  0:24  Probe  
  15  0:37  Probe (Chrono Boost)  
  15  0:38  Gateway  
  16  0:43  Assimilator  
  16  0:47  Probe (Chrono Boost)  
  17  0:54  Probe  
  18  1:06  Probe  
  19  1:18  Probe  
  20  1:30  Cybernetics Core  
  21  1:39  Nexus  
  20  1:41  Pylon  
  20  1:47  Probe  
  20  1:57  Assimilator  
  20  1:59  Probe  
  21  2:07  Stalker (Chrono Boost)  
  21  2:11  Probe  
  24  2:16  Warp Gate  
  24  2:23  Probe  
  25  2:30  Stalker (Chrono Boost)  
  25  2:36  Probe  
  28  2:47  Twilight Council  
  28  2:51  Gateway  
  29  2:57  Stalker (Chrono Boost)  
  29  2:58  Probe  
  29  3:01  Probe  
  32  3:10  Probe  
  33  3:15  Pylon  
  33  3:20  Gateway  
  33  3:22  Blink (Chrono Boost)  
  33  3:30  Probe  
  33  3:33  Probe (Chrono Boost)  
  35  3:40  Shield Battery  
  35  3:45  Probe (Chrono Boost)  
  35  3:48  Probe (Chrono Boost)  
  37  3:52  Probe (Chrono Boost)  
  39  3:55  Probe (Chrono Boost)  
  39  3:59  Probe  
  40  4:04  Stalker  
  40  4:05  Stalker  
  40  4:06  Probe  
  45  4:11  Probe  
  45  4:16  Pylon  
  45  4:18  Probe, Stalker  
  45  4:26  Probe  
  45  4:33  Stalker x2  
  45  4:34  Probe  
  50  4:42  Probe (Chrono Boost)  
  51  4:48  Robotics Facility  
  51  4:50  Probe (Chrono Boost)  
  52  4:54  Probe (Chrono Boost)  
  52  4:59  Shield Battery  
  54  5:02  Stalker  
  54  5:03  Probe x2 (Chrono Boost)  
  54  5:04  Assimilator  
  57  5:08  Probe  
  57  5:11  Pylon  
  57  5:12  Stalker  
  60  5:14  Probe  
  60  5:20  Probe  
  62  5:23  Pylon  
  62  5:29  Probe  
  62  5:30  Stalker  
  62  5:32  Stalker  
  64  5:41  Stalker  
  65  5:44  Probe  
  62  5:55  Probe (Chrono Boost)  
  65  5:57  Observer (Chrono Boost)  
  65  6:00  Probe (Chrono Boost)  
  65  6:06  Probe (Chrono Boost), Assimilator  
  65  6:10  Robotics Bay  
  65  6:11  Probe x2 (Chrono Boost)  
  66  6:20  Probe  
  66  6:21  Probe  
  64  6:32  Probe  
  65  6:33  Probe  
  65  6:37  Sentry  
  65  6:38  Zealot x2  
  70  6:40  Charge  
  70  6:43  Gateway  
  71  6:48  Pylon  
  71  6:50  Nexus  
  70  6:56  Colossus (Chrono Boost)  
  76  7:06  Stalker  
  77  7:18  Pylon  
  77  7:19  Stalker  
  77  7:22  Sentry  
  81  7:26  Probe  
  81  7:27  Probe, Pylon  
  84  7:46  Zealot x4  
  84  7:47  Disruptor (Chrono Boost)  
  89  8:01  Gateway  
  89  8:02  Gateway  
  77  8:08  Zealot  
  77  8:09  Zealot x2  
  77  8:12  Zealot  
  81  8:16  Extended Thermal Lance  
  81  8:21  Gateway  
  81  8:29  Zealot x2  
  81  8:30  Zealot  
  87  8:39  Zealot  
  63  8:50  Stalker x2  
  63  8:51  Zealot, Observer, Colossus (Chrono Boost)  
  69  9:01  Stalker  
  68  9:04  Stalker  
  68  9:09  Zealot, Observer  
  72  9:13  Zealot  
  72  9:16  Sentry  
  76  9:17  Sentry  
  76  9:21  Zealot  
  80  9:26  Zealot  
  80  9:36  Zealot x3  
  86  9:38  Observer  
  74  9:49  Zealot x4  
  70  9:58  Stalker x2  
  62  10:08  Colossus (Chrono Boost)  
  62  10:12  Sentry  
  70  10:14  Sentry  
  72  10:22  Probe x2 (Chrono Boost)  
  72  10:23  Pylon  
  72  10:24  Observer, Probe (Chrono Boost)  
  72  10:27  Sentry  
  77  10:33  Probe x2 (Chrono Boost)  
  77  10:35  Zealot  
  81  10:39  Probe  
  81  10:42  Templar Archives, Probe  
  82  10:44  Probe  
  84  10:52  Probe (Chrono Boost)  
  84  10:53  Observer (Chrono Boost)  
  84  10:56  Zealot x2  
  90  10:59  Probe (Chrono Boost)  
  90  11:02  Probe (Chrono Boost)  
  93  11:09  Probe (Chrono Boost)  
  94  11:12  Probe (Chrono Boost)  
  94  11:17  Zealot x4  
  90  11:26  Zealot  
  90  11:27  Zealot  
  90  11:31  Zealot  
  82  11:39  Sentry x2  
  75  11:45  Zealot  
Show
View Real Time Build Order
Export as new Build Order

Kelazhur Terran - Winner!

Build Orders: Hellion Opening 

Get SALT Encoding   

  12  0:00  SCV  
  13  0:12  SCV  
  14  0:16  Supply Depot  
  14  0:24  SCV  
  15  0:38  SCV  
  15  0:39  Barracks  
  16  0:44  Refinery  
  16  0:50  SCV  
  17  1:01  Engineering Bay  
  17  1:02  SCV  
  18  1:14  SCV  
  19  1:26  Orbital Command, Marine  
  20  1:38  Refinery  
  20  1:43  Supply Depot  
  20  1:48  Barracks Reactor  
  20  1:52  SCV  
  21  2:04  SCV  
  21  2:07  Factory  
  22  2:16  SCV  
  22  2:25  Command Center  
  22  2:28  SCV  
  23  2:30  Marine x2  
  25  2:40  SCV  
  26  2:52  Supply Depot, SCV  
  26  2:55  Starport  
  27  2:59  Hellion  
  27  3:00  Hellion  
  31  3:08  Refinery  
  31  3:14  SCV  
  32  3:22  Hellion x2  
  32  3:26  SCV  
  37  3:33  Medivac  
  39  3:38  SCV  
  40  3:45  Hellion x2  
  44  3:50  SCV, Barracks Tech Lab  
  44  3:52  Barracks  
  44  3:55  Bunker  
  45  4:02  SCV, Orbital Command  
  46  4:15  SCV  
  47  4:18  Marine x2  
  47  4:20  Siege Tank  
  52  4:27  SCV  
  52  4:28  SCV  
  52  4:36  Marine x2  
  52  4:39  SCV  
  52  4:40  SCV, Barracks Tech Lab  
  54  4:48  Supply Depot  
  54  4:51  Barracks  
  54  5:00  Stimpack  
  54  5:06  Marine x3  
  62  5:07  SCV x2, Siege Tank  
  62  5:11  Supply Depot  
  62  5:12  Refinery  
  62  5:14  Engineering Bay  
  62  5:19  SCV x2  
  64  5:24  Marine x2  
  64  5:26  Liberator  
  69  5:31  SCV  
  69  5:35  SCV  
  71  5:38  Marine  
  71  5:39  Marauder  
  71  5:42  Marine  
  73  5:43  SCV  
  73  5:45  Refinery, Marine  
  73  5:47  SCV  
  74  5:55  SCV  
  73  5:59  SCV  
  73  6:00  Marine  
  73  6:01  Marauder  
  77  6:07  SCV  
  77  6:08  Supply Depot  
  77  6:10  Terran Infantry Weapons Level 1  
  78  6:12  SCV  
  78  6:15  Combat Shield, Marine, Marauder  
  79  6:23  SCV, Marauder  
  78  6:28  SCV  
  78  6:29  Marine  
  78  6:35  SCV  
  78  6:37  Marauder, Factory Reactor  
  78  6:38  Starport Reactor  
  79  6:40  SCV  
  79  6:44  Supply Depot, Marine  
  81  6:49  SCV  
  81  6:51  Marine  
  81  6:52  SCV, Marauder  
  86  6:59  Supply Depot  
  86  7:05  Marine  
  86  7:06  Marauder  
  88  7:09  Marine  
  88  7:11  Concussive Shells  
  88  7:12  Marine  
  88  7:15  SCV x2  
  92  7:16  Medivac x2  
  92  7:19  Command Center  
  92  7:21  Widow Mine x2  
  100  7:25  Supply Depot  
  100  7:26  Marine  
  101  7:30  Supply Depot  
  101  7:35  Marine  
  101  7:36  Marauder x2  
  106  7:44  Marine  
  106  7:46  SCV x2  
  106  7:47  Supply Depot  
  106  7:50  Widow Mine x2  
  111  8:03  SCV, Marauder  
  106  8:08  SCV, Marauder  
  103  8:15  Medivac x2  
  103  8:18  Marine x2  
  113  8:20  Widow Mine x2  
  113  8:22  SCV x2  
  113  8:23  Barracks  
  113  8:25  Barracks, Terran Infantry Armor Level 1  
  113  8:31  Marauder, Orbital Command  
  115  8:34  SCV  
  105  8:41  Widow Mine, Marauder  
  97  8:48  Marine x2  
  97  8:49  Medivac  
  97  8:51  Widow Mine  
  97  8:52  Marauder  
  97  8:54  SCV  
  102  8:59  SCV  
  102  9:02  Marauder  
  101  9:06  Marine x2  
  103  9:12  Armory  
  103  9:13  Refinery  
  103  9:14  Barracks Reactor, Barracks Tech Lab, Marauder  
  103  9:16  Widow Mine x2  
  109  9:24  Command Center  
  107  9:26  Medivac x2  
  107  9:29  Marauder  
  111  9:35  Marauder  
  111  9:37  SCV, Marauder  
  111  9:38  Widow Mine x2  
  120  9:41  Marine x2  
  121  9:48  SCV  
  121  9:50  Marauder  
  114  9:56  Medivac, Marauder  
  114  9:57  Marine  
  109  10:04  Marine x2  
  109  10:09  Marine x2  
  109  10:10  Widow Mine x2  
  109  10:11  Marauder  
  117  10:15  Engineering Bay  
  117  10:18  SCV x3  
  117  10:19  Ghost Academy  
  118  10:29  Marauder x2, Marine x2  
  118  10:30  SCV  
  118  10:33  Marine  
  118  10:34  Marauder  
  128  10:38  SCV x2  
  128  10:42  SCV, Medivac x2  
  133  10:43  Widow Mine x2  
  133  10:44  Marine  
  133  10:47  Marine  
  133  10:48  Missile Turret  
  139  10:50  Marauder  
  139  10:51  Planetary Fortress  
  139  10:55  Marine  
  139  10:56  SCV, Marauder  
  145  10:57  Marine  
  145  10:58  Marauder  
  145  11:02  SCV  
  145  11:03  SCV  
  150  11:08  SCV  
  151  11:12  Marauder  
  151  11:16  Marine x4  
  151  11:17  Marauder  
  151  11:33  Marine  
Tags
 
Add a new tag
Caveats
  • Supply blocks, unpowered buildings, or Contaminate may cause inaccurate times.
  • Supply counts are checked every 10 seconds.